 Dungeon Sprint DCSS version 0.16-a0-4092-gb8933cd (console) character file.

13100000 Monkaria the Conqueror (level 27, -95/273 HPs)
             Began as a Ghoul Fighter on Feb 24, 2015.
             Was the Champion of Makhleb.
             Killed by dispel undead
             ... invoked by a wretched soul
              (97 damage)
             ... in the Dungeon (Sprint VIII: "Arena of Blood").
             The game lasted 00:04:09 (131 turns).

Monkaria the Conqueror (Ghoul Fighter)               Turns: 131, Time: 00:04:09

Health: -95/273    AC: 13    Str: 20 (24) XL:     27
Magic:  33/49      EV: 23    Int:  8      God:    Makhleb [******]
Gold:   0          SH:  0    Dex: 12      Spells: 0 memorised, 80 levels left

rFire  . . .     SeeInvis .     g - +โˆž Axe of Woe
rCold  + . .     Clarity  .     b - +0 scale mail
rNeg   + + +     SustAb   .     (no shield) rPois โˆž
Gourm  .                        (no helmet)
rElec  .         Spirit   .     (no cloak)
rCorr  .         Warding  .     (no gloves)
rMut   .         NoTele   +     (no boots)
MR     ++...                    (no amulet)
Stlth  ++++++++..               (no ring)
                                (no ring)

@: rotting, slowed, very slow, very resistant to hostile enchantments,
extraordinarily stealthy
A: rotting body, claws 1, carnivore 3, cold resistance 1, negative energy
resistance 3, poison resistance, slow healing 1, torment resistance, unbreathing
a: Minor Destruction, Lesser Servant of Makhleb, Major Destruction, Greater
Servant of Makhleb, Renounce Religion


You were in the Dungeon.
You worshipped Makhleb.
Makhleb was exalted by your worship.
You were not hungry.

You visited 1 branch

Inventory:

Hand weapons
 a - a +0 war axe
 g - the +โˆž Axe of Woe (weapon)
   (You found it in the Dungeon)
Armour
 b - a +0 scale mail (worn)
 c - a +0 shield
Scrolls
 j - a scroll of blinking
Potions
 d - a potion of curing
 e - a potion of might
 f - a potion of heal wounds
 h - 2 potions of magic


   Skills:
 O Level 27 Fighting
 O Level 27 Axes
 O Level 27 Throwing
 O Level 27 Armour
 O Level 27 Dodging
 O Level 27 Stealth
 O Level 27 Shields
 O Level 27 Unarmed Combat
 O Level 27 Spellcasting
 O Level 27 Invocations


You had 80 spell levels left.
You didn't know any spells.

Dungeon Overview and Level Annotations

Branches:
Dungeon (1/1)

Altars:
Makhleb


Innate Abilities, Weirdness & Mutations

Your body is rotting away.
You thrive on raw meat.
You have sharp fingernails.
You are carnivorous and can eat meat at any time.
Your flesh is cold resistant.
You are immune to negative energy.
Your system is resistant to poisons.
You heal slowly when monsters are visible.
You are immune to unholy pain and torment.
You can survive without breathing.


Message History

You hear a shout! x9
A fleshlord comes into view. It is wielding a +9 great mace.
Unknown command.
The fleshlord shouts!
You hear a shout!
You hear a shout!
You hear a shout!
You hear a shout! x4
The fleshlord hits you with a +9 great mace!!!!!
Ouch! That really hurt!
* * * LOW HITPOINT WARNING * * *
Something hits you.
* * * LOW HITPOINT WARNING * * *
Deactivating autopickup; reactivate with Ctrl-A.
You hear a shout! x4
The fleshlord casts a spell at you.
You feel as though you will be slow longer.
You hear a shout! x3
The fleshlord appears out of thin air!
A fleshlord comes into view. It is wielding a +9 great mace.
You hear a shout! x3
You convulse!
You die...

... .M%.. .........
#... ...# #... ...#
. ..###... ...###..
%.....###..%....
...%%.%_.%.%..... .
#p%)))# . ...
#_@<)_# .%.
...X..#%ยง)))#.....C
#....pp))_)........
....p..%###........
..###... .W.###.. .
#... ...# #... ...#
......... .....
.....


You could see 4 fleshlords and a dread.

Vanquished Creatures
  Harold (D)
  2 great orbs of eyes (D)
  2 greater mummies (D)
  5 hell beasts (D)
  6 hill giants (D)
  3 hydras (D)
  5 liches (D)
  21 ogres (D)
  49 orcs (D)
  8 phantoms (D)
  7 skeletal warriors (D)
  7 vampire knights (D)
  4 wraiths (D)
  2 sea snakes (D)
  8 tentacled monstrosities (D)
  11 large abominations (D)
  7 small abominations (D)
  A soul eater (D)
  12 crawling corpses (D)
161 creatures vanquished.

Vanquished Creatures (others)
  A small abomination (D)
  6 crawling corpses (D)
7 creatures vanquished.

Grand Total: 168 creatures vanquished

Notes
Turn   | Place    | Note
--------------------------------------------------------------
     0 | D        | Monkaria, the Ghoul Fighter, began the quest for the Orb.
     0 | D        | Reached XP level 1. HP: 19/19 MP: 1/1
     3 | D        | Noticed a bag of meat
     5 | D        | Noticed a bag of meat
     5 | D        | Noticed a bag of meat
     6 | D        | Noticed a bag of meat
     8 | D        | Noticed a bag of meat
    10 | D        | Became a worshipper of Makhleb the Destroyer
    13 | D        | Killed a bag of meat
    13 | D        | Reached skill level 16 in Fighting
    13 | D        | Reached XP level 2. HP: 22/50 MP: 2/2
    13 | D        | Reached XP level 3. HP: 25/57 MP: 3/3
    13 | D        | Reached XP level 4. HP: 28/64 MP: 3/3
    13 | D        | Reached XP level 5. HP: 31/71 MP: 4/4
    13 | D        | Reached XP level 6. HP: 34/80 MP: 5/5
    13 | D        | Reached XP level 7. HP: 36/86 MP: 5/5
    13 | D        | Reached XP level 8. HP: 39/94 MP: 6/6
    13 | D        | Reached XP level 9. HP: 41/101 MP: 7/7
    13 | D        | Reached XP level 10. HP: 43/108 MP: 7/7
    13 | D        | Reached XP level 11. HP: 46/116 MP: 8/8
    15 | D        | Noticed a meat berserker
    15 | D        | Killed a bag of meat
    15 | D        | Acquired Makhleb's first power
    15 | D        | Reached skill level 19 in Fighting
    15 | D        | Reached XP level 12. HP: 49/130 MP: 9/9
    15 | D        | Noticed a bag of meat
    16 | D        | Killed a meat berserker
    16 | D        | Reached skill level 20 in Fighting
    16 | D        | Reached XP level 13. HP: 135/140 MP: 9/9
    16 | D        | Killed a bag of meat
    16 | D        | Acquired Makhleb's second power
    16 | D        | Reached skill level 21 in Fighting
    16 | D        | Reached skill level 10 in Axes
    16 | D        | Reached XP level 14. HP: 146/151 MP: 10/10
    17 | D        | Noticed a bag of meat
    18 | D        | Killed a bag of meat
    18 | D        | Reached skill level 22 in Fighting
    20 | D        | Noticed a large bag of meat
    20 | D        | Killed a bag of meat
    20 | D        | Acquired Makhleb's third power
    20 | D        | Reached skill level 23 in Fighting
    20 | D        | Reached XP level 15. HP: 162/165 MP: 11/11
    24 | D        | Noticed a destroyer
    25 | D        | Noticed a meat berserker
    25 | D        | Killed a bag of meat
    25 | D        | Reached skill level 24 in Fighting
    26 | D        | Noticed a meat berserker
    26 | D        | Noticed a large bag of meat
    27 | D        | Killed a meat berserker
    27 | D        | Reached skill level 25 in Fighting
    28 | D        | Noticed a bag of meat
    28 | D        | Killed a destroyer
    28 | D        | Acquired Makhleb's fourth power
    28 | D        | Reached XP level 16. HP: 176/180 MP: 11/11
    28 | D        | Killed a large bag of meat
    28 | D        | Reached skill level 26 in Fighting
    29 | D        | Killed a meat berserker
    29 | D        | Acquired Makhleb's fifth power
    29 | D        | Reached skill level 27 in Fighting
    29 | D        | Reached skill level 15 in Axes
    30 | D        | Noticed a meat berserker
    31 | D        | Noticed a bag of meat
    31 | D        | Noticed a bag of meat
    31 | D        | Killed a large bag of meat
    32 | D        | Noticed a bag of meat
    32 | D        | Noticed a destroyer
    32 | D        | Noticed a bag of meat
    33 | D        | Noticed a bag of meat
    33 | D        | Noticed The Servant
    33 | D        | Noticed a bag of meat
    33 | D        | Noticed a bag of meat
    33 | D        | Noticed a large bag of meat
    33 | D        | Noticed a bag of meat
    33 | D        | Noticed a bag of meat
    33 | D        | Noticed a bag of meat
    34 | D        | Noticed a bag of meat
    34 | D        | Noticed a large bag of meat
    34 | D        | Killed a meat berserker
    34 | D        | Reached XP level 17. HP: 191/191 MP: 12/12
    35 | D        | Noticed a bag of meat
    35 | D        | Noticed a destroyer
    35 | D        | Killed a bag of meat
    35 | D        | Killed a destroyer
    36 | D        | Noticed a bag of meat
    36 | D        | Noticed a bag of meat
    36 | D        | Killed a destroyer
    37 | D        | Noticed a bag of meat
    37 | D        | Noticed a bag of meat
    37 | D        | Noticed a meat berserker
    37 | D        | Noticed a sculptor of flesh
    37 | D        | Killed a bag of meat
    37 | D        | Reached skill level 27 in Armour
    37 | D        | Reached skill level 27 in Shields
    37 | D        | Reached XP level 18. HP: 57/200 MP: 13/13
    38 | D        | Noticed a bag of meat
    38 | D        | Killed a bag of meat
    38 | D        | Killed a bag of meat
    39 | D        | Noticed a bag of meat
    39 | D        | Noticed a bag of meat
    40 | D        | Killed The Servant
    40 | D        | Killed a bag of meat
    40 | D        | Reached skill level 27 in Axes
    41 | D        | Noticed a bag of meat
    41 | D        | Noticed a sculptor of flesh
    41 | D        | Killed a bag of meat
    41 | D        | Reached XP level 19. HP: 152/207 MP: 13/13
    41 | D        | Killed a bag of meat
    41 | D        | Killed a large bag of meat
    42 | D        | Noticed a bag of meat
    42 | D        | Noticed a bag of meat
    42 | D        | Noticed a bag of meat
    43 | D        | Noticed a bag of meat
    43 | D        | Killed a bag of meat
    43 | D        | Killed a bag of meat
    43 | D        | Killed a bag of meat
    43 | D        | Reached XP level 20. HP: 216/216 MP: 14/14
    44 | D        | Noticed a sculptor of flesh
    44 | D        | Killed a sculptor of flesh
    44 | D        | Reached skill level 27 in Dodging
    45 | D        | Killed a bag of meat
    45 | D        | Reached skill level 5 in Throwing
    45 | D        | Killed a bag of meat
    45 | D        | Reached skill level 10 in Stealth
    45 | D        | Killed a bag of meat
    46 | D        | Noticed a bag of meat
    47 | D        | Killed a bag of meat
    47 | D        | Reached skill level 10 in Throwing
    47 | D        | Killed a bag of meat
    47 | D        | Reached skill level 10 in Spellcasting
    48 | D        | Killed a bag of meat
    48 | D        | Reached XP level 21. HP: 224/224 MP: 14/37
    49 | D        | Noticed a bag of meat
    49 | D        | Noticed a bag of meat
    49 | D        | Killed a bag of meat
    49 | D        | Reached skill level 15 in Unarmed Combat
    49 | D        | Reached skill level 15 in Invocations
    50 | D        | Noticed a bag of meat
    50 | D        | Noticed a meat berserker
    50 | D        | Killed a bag of meat
    51 | D        | Noticed a sculptor of flesh
    51 | D        | Killed a large bag of meat
    51 | D        | Reached skill level 15 in Throwing
    52 | D        | Noticed a bag of meat
    52 | D        | Noticed a large bag of meat
    53 | D        | Killed a bag of meat
    53 | D        | Killed a bag of meat
    53 | D        | Reached skill level 15 in Spellcasting
    54 | D        | Killed a bag of meat
    56 | D        | Killed a bag of meat
    56 | D        | Reached XP level 22. HP: 233/233 MP: 15/40
    56 | D        | Killed a bag of meat
    57 | D        | Noticed a sculptor of flesh
    57 | D        | Killed a bag of meat
    57 | D        | Reached skill level 27 in Invocations
    59 | D        | Noticed a bag of meat
    59 | D        | Killed a bag of meat
    59 | D        | Killed a bag of meat
    59 | D        | Killed a sculptor of flesh
    60 | D        | Killed a large bag of meat
    60 | D        | Killed a bag of meat
    60 | D        | Killed a meat berserker
    60 | D        | Reached XP level 23. HP: 240/240 MP: 15/43
    61 | D        | Killed a sculptor of flesh
    62 | D        | Noticed a meat berserker
    62 | D        | Killed a bag of meat
    62 | D        | Reached skill level 27 in Stealth
    63 | D        | Noticed a meat beast
    63 | D        | Killed a bag of meat
    64 | D        | Noticed a meat beast
    64 | D        | Noticed a dread
    64 | D        | Noticed a destroyer
    64 | D        | Killed a meat berserker
    64 | D        | Killed a sculptor of flesh
    64 | D        | Reached skill level 27 in Unarmed Combat
    64 | D        | Killed a sculptor of flesh
    65 | D        | Noticed a meat berserker
    65 | D        | Noticed a bag of meat
    65 | D        | Killed a bag of meat
    65 | D        | Killed a bag of meat
    65 | D        | Reached XP level 24. HP: 249/249 MP: 16/47
    65 | D        | Killed a meat beast
    65 | D        | Reached skill level 27 in Throwing
    66 | D        | Killed a destroyer
    66 | D        | Reached skill level 27 in Spellcasting
    66 | D        | Killed a bag of meat
    67 | D        | Noticed a meat berserker
    67 | D        | Killed a dread
    68 | D        | Noticed a meat beast
    68 | D        | Noticed a tyrant
    68 | D        | Noticed a dread
    68 | D        | Killed a meat berserker
    69 | D        | Noticed a sculptor of flesh
    69 | D        | Killed a meat beast
    72 | D        | Killed a meat berserker
    72 | D        | Killed a meat berserker
    73 | D        | Noticed a meat berserker
    73 | D        | Killed a meat beast
    73 | D        | Reached XP level 25. HP: 257/257 MP: 18/48
    74 | D        | Noticed a destroyer
    75 | D        | Noticed a destroyer
    77 | D        | Noticed a bag of meat
    77 | D        | Noticed a dread
    77 | D        | Killed a tyrant
    78 | D        | Noticed a large bag of meat
    79 | D        | Killed a meat berserker
    80 | D        | Killed a sculptor of flesh
    81 | D        | Killed a destroyer
    81 | D        | Killed a dread
    83 | D        | Noticed a meat berserker
    83 | D        | Noticed an eight-headed meat hydra
    83 | D        | Killed a dread
    84 | D        | Noticed a meat berserker
    84 | D        | Killed a wretched soul
    85 | D        | Noticed a bag of meat
    85 | D        | Noticed a meat berserker
    86 | D        | Noticed an eight-headed meat hydra
    86 | D        | Noticed a meat beast
    86 | D        | Killed a bag of meat
    87 | D        | Noticed a dread
    87 | D        | Killed a meat berserker
    87 | D        | Killed a wretched soul
    87 | D        | Reached XP level 26. HP: 266/266 MP: 22/48
    88 | D        | Noticed a bag of meat
    89 | D        | Noticed a meat berserker
    90 | D        | Noticed a meat berserker
    90 | D        | Killed a meat beast
    90 | D        | Killed a meat berserker
    90 | D        | Killed a wretched soul
    90 | D        | Killed a large bag of meat
    91 | D        | Noticed a meat beast
    91 | D        | Killed a meat berserker
    93 | D        | Noticed an eight-headed meat hydra
    93 | D        | Noticed an accursed
    93 | D        | Noticed a tyrant
    93 | D        | Noticed a tyrant
    93 | D        | Killed a nine-headed meat hydra
    93 | D        | Killed a destroyer
    94 | D        | Killed a meat berserker
    94 | D        | Killed a nine-headed meat hydra
    95 | D        | Killed a meat berserker
    95 | D        | Reached XP level 27. HP: 263/273 MP: 24/49
    95 | D        | Killed a bag of meat
    96 | D        | Noticed a bag of meat
    96 | D        | Killed a meat beast
    97 | D        | Killed a bag of meat
    97 | D        | Killed a wretched soul
    97 | D        | Killed a wretched soul
    99 | D        | Killed a wretched soul
   100 | D        | Noticed a meat berserker
   100 | D        | Killed a tyrant
   101 | D        | Noticed a bag of meat
   101 | D        | Noticed an accursed
   101 | D        | Killed a dread
   102 | D        | Noticed a bag of meat
   102 | D        | Killed a tyrant
   104 | D        | Noticed a tyrant
   104 | D        | Killed a nine-headed meat hydra
   104 | D        | Killed a wretched soul
   104 | D        | Noticed a tyrant
   105 | D        | Killed a tyrant
   105 | D        | Killed a meat berserker
   105 | D        | Killed a bag of meat
   106 | D        | Noticed a bag of meat
   108 | D        | Noticed a meat berserker
   108 | D        | Killed an accursed
   108 | D        | Killed a bag of meat
   110 | D        | Noticed a meat berserker
   110 | D        | Killed an accursed
   111 | D        | Killed a bag of meat
   113 | D        | Noticed a bag of meat
   113 | D        | Noticed a meat berserker
   113 | D        | Killed a meat berserker
   114 | D        | Noticed a bag of meat
   115 | D        | Killed a meat berserker
   115 | D        | Killed a meat berserker
   115 | D        | Killed an observer
   116 | D        | Noticed a meat berserker
   117 | D        | Noticed an accursed
   117 | D        | Noticed a destroyer
   118 | D        | Noticed a bag of meat
   118 | D        | Killed a tyrant
   118 | D        | Killed an observer
   118 | D        | Killed a meat berserker
   119 | D        | Noticed a meat berserker
   119 | D        | Noticed a sculptor of flesh
   120 | D        | Killed a wretched soul
   121 | D        | Killed a bag of meat
   122 | D        | Killed a destroyer
   123 | D        | Killed a meat berserker
   125 | D        | Killed a bag of meat
   126 | D        | Noticed a fleshlord
   126 | D        | Killed a bag of meat
   129 | D        | Noticed a dread
   130 | D        | Noticed a fleshlord
   130 | D        | Killed a bag of meat
   130 | D        | Killed a sculptor of flesh
   130 | D        | Killed a bag of meat
   131 | D        | Noticed a fleshlord
   131 | D        | HP: 7/273 [fleshlord/+9 great mace (266)]
   131 | D        | HP: 2/273 [something (5)]
   131 | D        | Killed from afar by a wretched soul

Action                   |  1- 3 |  4- 6 |  7- 9 | 10-12 | 13-15 | 16-18 | 19-21 | 22-24 | 25-27 || total
-------------------------+-------+-------+-------+-------+-------+-------+-------+-------+-------++-------
Melee: Executioner's axe |     1 |       |       |     2 |     5 |     9 |    12 |    15 |    39 ||    83
  Use: Potion            |     1 |       |       |       |       |       |       |       |       ||     1
